 Dungeon Crawl Stone Soup version 0.31-a0-1082-g7d1fb776a8 (webtiles) character file.

Game seed: 1733047673828090923

81 Flugslaktarn the Changeling (level 4, 0/29 HPs)
             Began as an Octopode Shapeshifter on Nov 28, 2023.
             Slain by a sleepcap (8 damage)
             ... on level 3 of the Dungeon.
             The game lasted 00:01:18 (1924 turns).

Flugslaktarn the Changeling (Octopode Shapeshifter) Turns: 1924, Time: 00:01:18

Health: 0/29       AC:  1    Str: 15    XL:     4   Next: 42%
Magic:  4/4        EV: 13    Int: 12    God:
Gold:   172        SH:  3    Dex: 11    Spells: 3/3 levels left

rFire   . .          .
                       - Unarmed
rCold   . . .        l - +0 buckler
rNeg    . . .        (helmet currently unavailable)
rPois   .            (no amulet)
rElec   .            (no ring)
rCorr   .            (no ring)
SInv    .            (no ring)
Will    .....        (no ring)
Stlth   ++           (no ring)
HPRegen 0.24/turn    (no ring)
MPRegen 0.09/turn    (no ring)
                     (no ring)

%: no passive effects
@: beast-form
A: beast (slay +2), almost no armour, amphibious, 8 rings, camouflage 1,
gelatinous body 1, (nimble swimmer 1), tentacles
a: Begin Untransformation


You were on level 3 of the Dungeon.
You were a hulking beast.
You visited 1 branch of the dungeon, and saw 3 of its levels.

You collected 172 gold pieces.

Inventory:

Armour
 l - a +0 buckler (worn)
   (You found it on level 1 of the Dungeon)
Talismans
 b - a beast talisman
 c - a flux talisman
Scrolls
 d - a scroll of poison
 e - 3 scrolls of fear
 i - a scroll of enchant armour {unknown}
 j - a scroll of enchant weapon {unknown}
 k - a scroll of silence {unknown}
 m - a scroll of immolation
 p - a scroll of vulnerability {unknown}
 s - a scroll of blinking {unknown}
Potions
 a - a potion of lignification
 f - a potion of might {unknown}
 g - a potion of heal wounds {unknown}
 h - a potion of haste
 o - a potion of enlightenment {unknown}
 q - 2 potions of curing


   Skills:
 + Level 2.0 Fighting
 + Level 2.6 Dodging
 + Level 3.5 Unarmed Combat
 - Level 3.7 Shapeshifting


You had 3 spell levels left.
You didn't know any spells.
Your spell library was empty.

Dungeon Overview and Level Annotations

Branches:
Dungeon (3/15)

Altars:
Sif Muna


Innate Abilities, Weirdness & Mutations

You are a hulking beast.
Your limbs bulge with bestial killing power. (Slay +2)
You cannot wear most types of armour.
You are amphibious.
You can wear up to eight rings at the same time.
Your skin changes colour to match your surroundings (Stealth+).
Your rubbery body absorbs attacks. (AC +1, EV +1)
((You are camouflaged when in or above water. (Stealth+)))
You have tentacles for arms and can constrict up to eight enemies at once.


Message History

A hobgoblin is nearby!
You tentacle-slap the hobgoblin. You grab the hobgoblin.
The hobgoblin is severely wounded.
You constrict the hobgoblin. The hobgoblin barely misses you.
You barely miss the hobgoblin. You squeeze the hobgoblin.
You kill the hobgoblin!
No target in view!
No target in view!
No target in view!
Your extra speed is starting to run out.
Found an escape hatch in the floor.
There is an escape hatch in the floor here.
You feel yourself slow down.
Found a stone staircase leading down.
You now have 141 gold pieces (gained 11).
i - a scroll labelled GOGHEIDAUNIL No target in view!
No target in view!
No target in view!
No target in view!
No target in view!
No target in view!
You open the door.
There is an open door here.
You now have 151 gold pieces (gained 10).
A kobold comes into view.
It is wielding a +2 short sword of venom.
The kobold shouts!
A kobold is nearby!
A kobold is nearby!
You tentacle-slap the kobold. Your grab misses the kobold.
Your tentacle-slap misses the kobold.
The kobold is severely wounded.
The kobold hits you with a +2 short sword of venom.
You are poisoned.
You tentacle-slap the kobold.
You kill the kobold!
You feel very sick.
No target in view!
No target in view!
No target in view!
No target in view!
No target in view!
No target in view!
Okay, then.
You feel sick.
You feel sick.
You start resting.
You feel sick. x6
You are no longer poisoned.
HP restored.
You see here a +2 short sword of venom.
Found a faded altar of an unknown god.
You enter the shallow water.
You enter the shallow water.
Found a robe.
No target in view!
No target in view!
No target in view!
There is a faded altar of an unknown god here.
This altar belongs to (a) Fedhas, (b) Qazlal or (c) Ashenzari, but you can't tell which.
Press the corresponding letter to learn more about a god, or press enter to convert or escape to cancel.
Okay, then.
You enter the deep water.
You now have 166 gold pieces (gained 15).
Found a leather armour.
You now have 172 gold pieces (gained 6).
Found a falchion.
A sleepcap and a hobgoblin come into view.
The hobgoblin shouts!
You tentacle-slap the sleepcap but do no damage.
You grab the sleepcap. You squeeze the sleepcap.
The sleepcap is lightly damaged.
You constrict the sleepcap, but do no damage.
The sleepcap barely misses you.
You tentacle-slap the sleepcap. You squeeze the sleepcap!
The sleepcap is heavily damaged.
You constrict the sleepcap. The hobgoblin hits you.
The sleepcap releases spores at you.
You are engulfed in a cloud of soporific spores!
You fall asleep.
You lose your grip on the sleepcap.
The hobgoblin hits you!
You wake up.
The sleepcap barely misses you.
You tentacle-slap the sleepcap but do no damage.
You grab the sleepcap.
The sleepcap is heavily damaged.
You constrict the sleepcap. The hobgoblin closely misses you.
The sleepcap releases spores at you!
* * * LOW HITPOINT WARNING * * *
You are engulfed in a cloud of soporific spores!
You are unaffected.
You are too injured to fight recklessly!
You are too injured to fight recklessly!
You tentacle-slap the sleepcap but do no damage.
The sleepcap is severely damaged.
You constrict the sleepcap, but do no damage.
The hobgoblin closely misses you. The sleepcap barely misses you.
Unknown command.
You tentacle-slap the sleepcap.
The sleepcap is almost destroyed.
You constrict the sleepcap, but do no damage.
The hobgoblin barely misses you. The sleepcap releases spores at you!
You die...

#. .## ######## ## ..#
#......# #.. ..#
#......# #[# #.#
#......+ #.#
#.#####.gf)..# #.#
#.#..##.h....#
#.####.#..##......#
####...............###
............#########
###.............#....
....##~..~~.~.~.~.~##
....##.~..~.~≈..~...#
....##~.≈~~~≈~~≈~...#
......~~≈≈~≈≈≈≈~≈...#


You could see a sleepcap and a hobgoblin.

Vanquished Creatures
  3 adders (D:2)
  2 worms (D:2)
  2 dart slugs
  5 bats
  5 endoplasms
  3 giant cockroaches
  2 goblins (D:2)
  3 hobgoblins
  2 quokkas
  3 ball pythons
  4 frilled lizards (D:1)
  5 kobolds
  6 rats
45 creatures vanquished.

Notes
Turn   | Place    | Note
-------+----------+-------------------------------------------
     0 | D:1      | Flugslaktarn the Octopode Shapeshifter began the quest for
                  | the Orb.
     0 | D:1      | Reached XP level 1. HP: 13/13 MP: 1/1
   117 | D:1      | Reached XP level 2. HP: 18/18 MP: 2/2
   840 | D:2      | Reached XP level 3. HP: 16/23 MP: 3/3
  1120 | D:2      | You fall into a shaft and drop 1 floor!
  1261 | D:2      | Reached XP level 4. HP: 28/29 MP: 4/4
  1356 | D:2      | Found a shimmering blue altar of Sif Muna.
  1861 | D:3      | Found a faded altar of an unknown god.
  1924 | D:3      | Slain by a sleepcap

Illustrated notes

Levels and vault maps discovered:
D:1:      ldierk_walled_garden_2, layout_loops_ring, grunt_decor_clamped,
          hex_tiny, minmay_misc_feat_more_columns
D:2:      minmay_door_path, layout_basic, basic_altar, minmay_misc_feat_encased
D:3:      layout_basic, chequers_ecumenical_altar_island

Skill      XL: |  1  2  3  4 |
---------------+-------------+-----
Fighting       | 2 |  2.0
Dodging        | |  2.6
Unarmed Combat | |  3.5
Shapeshifting  | |  3.7

Action                     |  1- 3 |  4- 6 || total
---------------------------+-------+-------++-------
  Melee: Unarmed           |    59 |    24 ||    83
         Constrict         |    17 |     6 ||    23
         Tentacles         |    14 |     9 ||    23
         Punch             |     1 |       ||     1
    Use: Scroll            |     1 |     4 ||     5
         Potion            |       |     2 ||     2
   Stab: Sleeping          |     7 |     2 ||     9
 Armour: Skin              |    14 |     9 ||    23
  Dodge: Dodged            |    41 |    12 ||    53
  Block: Buckler           |     4 |     2 ||     6

Table legend: (Time is in decaauts)
 A = Elapsed time spent in this place.
 B = Non-inter-level travel time spent in this place.
 C = Inter-level travel time spent in this place.
 D = Time resting spent in this place.
 E = Time spent auto-exploring this place.
 F = Levels seen in this place.
 G = Mean time per level.
                   A        B        C        D        E       F      G
               +--------+--------+--------+--------+--------+-----+--------+
         Total |   1906 |   1825 |     81 |     52 |   1450 |   3 |  635.3 |
       Dungeon |   1906 |   1825 |     81 |     52 |   1450 |   3 |  635.3 |
               +--------+--------+--------+--------+--------+-----+--------+

Top non-repeatable levels by time:
     D:1: 883 daAuts
     D:2: 769 daAuts
     D:3: 252 daAuts
